 Dungeon Crawl Stone Soup version 0.24-a0-516-g9de272b (webtiles) character file.

Game seed: 13394936782746890256

60 Abara the Skirmisher (level 4, 0/48 HPs)
             Began as an Ogre Skald on July 21, 2019.
             Slain by a worker ant (5 damage)
             ... on level 1 of the Dungeon.
             The game lasted 00:04:43 (1833 turns).

Abara the Skirmisher (Ogre Skald)                   Turns: 1833, Time: 00:04:44

Health: 0/48       AC:  3    Str: 15    XL:     4   Next: 4%
Magic:  7/7        EV: 10    Int: 14    God:
Gold:   57         SH:  0    Dex:  9    Spells: 6/7 levels left

rFire    + . .     SeeInvis .   a - +0 mace
rCold    + . .     Gourm    .   (no shield)
rNeg     . . .     Faith    .   b - +0 robe
rPois    +         Spirit   .   (helmet restricted)
rElec    +         Reflect  .   (no cloak)
rCorr    +         Harm     .   (gloves unavailable)
MR       .....                  (boots unavailable)
Stlth    +.........             (no amulet)
HPRegen  0.16/turn              (no ring)
MPRegen  0.10/turn              (no ring)

@: resistant
A: large, unfitting armour, tough skin 1
a: no special abilities


You were on level 1 of the Dungeon.
You were not hungry.

You visited 1 branch of the dungeon, and saw 2 of its levels.

You collected 57 gold pieces.


Innate Abilities, Weirdness & Mutations

You are too large for most types of armour.
You have tough skin. (AC +1)


   Skills:
 + Level 3.8 Fighting
 * Level 3.2 Maces & Flails
 - Level 2.1 Dodging
 - Level 2.4 Spellcasting
 - Level 2.6 Charms


You had 6 spell levels left.
You knew the following spells:

 Your Spells              Type           Power        Failure   Level  Hunger
u - Infusion              Chrm           #...         8%          1    #......

Your spell library contained the following spells:

 Spells                   Type           Power        Failure   Level  Hunger
 Song of Slaying          Chrm           #.......     12%         2    ###....
 Shroud of Golubria       Chrm/Tloc      #.....       21%         2    ###....
 Regeneration             Chrm/Necr      #.........   36%         3    ###....
 Spectral Weapon          Hex/Chrm       #.......     36%         3    ###....

Inventory:

Hand Weapons
 a - a +0 mace (weapon)
Missiles
 j - 20 stones (quivered)
Armour
 b - a +0 robe (worn)
 g - a +0 shield of protection
Scrolls
 c - 2 scrolls of remove curse {@r2}
 e - 2 scrolls of identify {@r1}
 f - a scroll of teleportation {unknown}
Potions
 h - a potion of cancellation {unknown}
 i - a potion of brilliance {unknown}
 l - a potion of heal wounds {unknown}
Comestibles
 d - 4 rations {@e1}

Dungeon Overview and Level Annotations

Branches:
Dungeon (2/15)

Altars:

Annotations:
D:2 Jessica

###.## #####..#########.......##
....# #..#..## #....#.##### .####
#....## ##.#.##.# # ### #.#..###
#.......# # ..# #.#....##
###.#..#### # ..## ###.#.##..#
#...#.## #
...####.....###)###.#...# #
......#.#.### #.##......### #
........#..# #a@).#......# #
......####.# #..##...#.#.##### #
......# #.####...............# #
......####.#....#....#.....#..# #
..............####..##8###8##.# #
.......###.>.#####...#........###
............##.......#.....#..##.
..####......##.###...#..<^.#...#.
### #####..##.# #...#)....#.....


You could see a worker ant.


Message History

Really walk into that dispersal trap? [Y]es or [N]o only, please.
Really walk into that dispersal trap?
You enter a dispersal trap!
Jessica blinks!
You blink.
You feel sick.
You feel sick.
Found a short sword.
You hit the worker ant.
The worker ant is heavily wounded.
You feel sick. The worker ant barely misses you.
The worker ant closely misses you. The worm bites you!
* * * LOW HITPOINT WARNING * * *
You feel sick.
Jessica casts a spell.
Jessica blinks!
The worker ant bites you.
* * * LOW HITPOINT WARNING * * *
You feel sick.
The worker ant waves its antennae.
Jessica shouts, "You're disturbing me!
I'll have to kill you!" The worker ant barely misses you.
There is a stone staircase leading up here.
The worker ant bites you.
* * * LOW HITPOINT WARNING * * *
You climb upwards.
You feel sick.
You are no longer poisoned.
There is a stone staircase leading down here.
It was a potion of resistance.
You feel protected. The worker ant bites you.
You die...

Skill      XL: |  1  2  3 |
---------------+----------+-----
Maces & Flails | 2 3 |  3.2
Fighting       | 3 |  3.8
Dodging        | |  2.1
Spellcasting   | |  2.4
Charms         | |  2.6

Action                   |  1- 3 |  4- 6 || total
-------------------------+-------+-------++-------
Melee: Mace              |   122 |    13 ||   135
Throw: Stone             |    29 |     1 ||    30
  Use: Scroll            |     2 |       ||     2
       Potion            |       |     1 ||     1
 Stab: Distracted        |     1 |       ||     1
       Sleeping          |     1 |       ||     1
  Eat: Chunk             |     2 |     1 ||     3
Armor: Robe              |    46 |     2 ||    48
Dodge: Dodged            |    87 |    10 ||    97

Levels and vault maps discovered:
D:1:      scummos_arrival_simple_crosswalls, layout_rooms
D:2:      layout_rooms, nemelex_xobeh_ov_fountains_minmay, serial_curves,
          eino_curves_03, eino_curves_04, minmay_vboxes, uniq_jessica

Notes
Turn   | Place    | Note
-------+----------+-------------------------------------------
     0 | D:1      | Abara the Ogre Skald began the quest for the Orb.
     0 | D:1      | Reached XP level 1. HP: 22/22 MP: 3/3
    82 | D:1      | Reached skill level 3 in Fighting
    82 | D:1      | Reached XP level 2. HP: 21/31 MP: 5/5
   872 | D:2      | Noticed Jessica
   880 | D:1      | Reached XP level 3. HP: 36/37 MP: 6/6
  1162 | D:2      | Reached skill level 3 in Maces & Flails
  1783 | D:2      | Reached XP level 4. HP: 43/48 MP: 7/7
  1826 | D:2      | HP: 7/48 [worker ant (4)]
  1831 | D:2      | HP: 6/48 [worker ant (1)]
  1833 | D:1      | Identified a potion of resistance
  1833 | D:1      | Slain by a worker ant

Vanquished Creatures
  2 adders (D:2)
  An ooze (D:2)
  A worm (D:2)
  A dart slug (D:2)
  A ball python (D:1)
  2 giant cockroaches (D:1)
  3 goblins
  4 hobgoblins (D:1)
  2 jackals
  3 kobolds
  5 bats
  2 frilled lizards (D:1)
  4 rats
31 creatures vanquished.

Table legend:
 A = Turns spent in this place as a percentage of turns spent in the entire game.
 B = Non-inter-level travel turns spent in this place as a percentage of non-inter-level travel turns spent in the entire game.
 C = Inter-level travel turns spent in this place as a percentage of turns spent in this place.
 D = Turns resting spent in this place as a percentage of non-inter-level travel turns spent in this place.
 E = Turns spent auto-exploring this place as a percentage of non-inter-level travel turns spent in this place.
 F = Non-inter-level travel turns spent in this place divided by the number of levels of this place that you've seen.
                   A       B       C       D       E      F
               +-------+-------+-------+-------+-------+----------------------
         Total | 100.0 | 100.0 |   4.4 |  50.3 |  27.5 | 876.0
       Dungeon | 100.0 | 100.0 |   4.4 |  50.3 |  27.5 | 876.0
               +-------+-------+-------+-------+-------+----------------------

Table legend:
 A = Non-vault XP
 B = Vault XP
 C = Vault XP percentage of total XP
 D = Non-vault monster count
 E = Vault monster count
 F = Vault count percentage of total count
                 A         B        C        D         E       F
            +---------+---------+-------+---------+---------+-------
      Total |      76 |      10 |  11.6 |      29 |       2 |   6.5
            +---------+---------+-------+---------+---------+-------
        D:1 |      34 |       0 |   0.0 |      20 |       0 |   0.0
        D:2 |      42 |      10 |  19.2 |       9 |       2 |  18.2
            +---------+---------+-------+---------+---------+-------
